[Event "48th Indian U15-ch Open 2023"]
[Site "Jalgaon"]
[Date "2023.12.31"]
[Round "7.4"]
[White "Nirnay Garg"]
[Black "Pavan Karthikeya Varma Gunturi"]
[Result "1-0"]
[ECO "C95"]
[WhiteElo "1894"]
[BlackElo "1538"]
[Annotator "NA RC"]
[PlyCount "83"]
[EventDate "2023.12.30"]
[EventType "swiss"]
[EventCountry "IND"]
[SourceTitle "playchess.com"]
[Source "ChessBase"]
[SourceQuality "1"]
[TimeControl "5400+30"]

1. e4 e5 2. Nf3 Nc6 3. Bb5 a6 4. Ba4 Nf6 5. O-O Be7 6. Re1 b5 7. Bb3 d6 8. c3 O-O 9. h3 Nb8 10. d4 Nbd7 11. Nbd2 Bb7 12. Bc2 Re8 13. Nf1 Bf8 14. Ng3 g6 15. a4 Bg7 16. Bd3 c6 17. Be3 h6 18. Qd2 Kh7 19. b4 Qc7 20. a5 d5 21. dxe5 Nxe5 22. Nxe5 Qxe5 23. f4 Qc7 24. e5 Nd7 25. Qf2 c5 26. Ne2 Rac8 27. h4 h5 28. g4 hxg4 29. h5 Qc6 30. hxg6+ fxg6 31. bxc5 Nf8 32. Qh4+ Kg8 33. Qxg4 Qe6 34. Qg3 Qf7 35. Nd4 Rc7 36. Nf3 Bc8 37. Nh4 Rc6 38. Re2 Bd7 39. Rg2 Ree6 40. Bd4 Qe7 41. Nf3 Qe8 42. f5 1-0

[Event "48th Indian U15-ch Open 2023"]
[Site "Jalgaon"]
[Date "2023.12.31"]
[Round "7.5"]
[White "Madhvendra Pratap Sharma"]
[Black "Mrithyunjay Mahadevan"]
[Result "1-0"]
[ECO "B32"]
[WhiteElo "1803"]
[BlackElo "1944"]
[Annotator "RC"]
[PlyCount "67"]
[EventDate "2023.12.30"]
[EventType "swiss"]
[EventCountry "IND"]
[SourceTitle "playchess.com"]
[Source "ChessBase"]
[SourceQuality "1"]
[TimeControl "5400+30"]

1. e4 c5 2. Nf3 Nc6 3. d4 cxd4 4. Nxd4 Qb6 5. Nb5 a6 6. Be3 Qd8 7. N5a3 Nf6 8. Nc3 e6 9. Nc4 b5 10. Nd6+ Bxd6 11. Qxd6 b4 12. Na4 Nxe4 13. Qf4 d5 14. O-O-O O-O 15. Bd3 f5 16. Bc4 g5 17. Qf3 Ne5 18. Bxd5 exd5 19. Qe2 Qa5 20. b3 Nc6 21. Qh5 Bd7 22. Bxg5 Ne5 23. f3 Be8 24. Qh3 Nxg5 25. Qg3 Nef7 26. h4 Bxa4 27. hxg5 Nh8 28. Rxh7 Kxh7 29. Rh1+ Kg8 30. Qh2 Kf7 31. Qe5 Rg8 32. Rh7+ Kg6 33. Qf6+ Kxh7 34. Qh6# 1-0

[Event "48th Indian U15-ch Open 2023"]
[Site "Jalgaon"]
[Date "2023.12.31"]
[Round "7.6"]
[White "Samyak Dharewa"]
[Black "Patil Akshaj"]
[Result "1-0"]
[ECO "B33"]
[WhiteElo "1939"]
[BlackElo "1559"]
[Annotator "RC"]
[PlyCount "84"]
[EventDate "2023.12.30"]
[EventType "swiss"]
[EventCountry "IND"]
[SourceTitle "playchess.com"]
[Source "ChessBase"]
[SourceQuality "1"]
[TimeControl "5400+30"]

1. e4 c5 2. Nf3 Nc6 3. d4 cxd4 4. Nxd4 Nf6 5. Nc3 e5 6. Ndb5 d6 7. a4 a6 8. Na3 Bg4 9. f3 Be6 10. Bc4 Ne7 11. Bg5 Rc8 12. Qd3 Qc7 13. Bxf6 Bxc4 14. Nxc4 Qxc4 15. Bg5 Qxd3 16. cxd3 Nc6 17. Be3 Nb4 18. Kd2 Be7 19. Rac1 O-O 20. Ke2 h6 21. g3 Rc6 22. Nd5 Nxd5 23. exd5 Rcc8 24. Rc4 Rxc4 25. dxc4 Rc8 26. Kd3 Kf8 27. b4 Ke8 28. Rc1 Kd7 29. c5 f5 30. g4 g6 31. h4 f4 32. Bf2 Bd8 33. Ke4 a5 34. b5 b6 35. c6+ Ke7 36. c7 Rxc7 37. Rc6 Rb7 38. h5 g5 39. Kf5 Rd7 40. Bxb6 Bxb6 41. Rxb6 Kf7 42. Ra6 Re7 1-0

[Event "48th Indian U15-ch Open 2023"]
[Site "Jalgaon"]
[Date "2023.12.31"]
[Round "7.7"]
[White "Sherla Prathamesh"]
[Black "Arshpreet Singh"]
[Result "1-0"]
[ECO "A20"]
[WhiteElo "1726"]
[BlackElo "1878"]
[Annotator "NA RC"]
[PlyCount "75"]
[EventDate "2023.12.30"]
[EventType "swiss"]
[EventCountry "IND"]
[SourceTitle "playchess.com"]
[Source "ChessBase"]
[SourceQuality "1"]
[TimeControl "5400+30"]

1. c4 e5 2. g3 c6 3. Bg2 d5 4. cxd5 cxd5 5. Nf3 Nc6 6. d3 f6 7. O-O Be6 8. a3 Bd6 9. Nc3 Nge7 10. b4 Qd7 11. Bd2 Bh3 12. e4 d4 13. Nb5 Bb8 14. a4 h5 15. Kh1 Bg4 16. Qc2 h4 17. Ng1 g5 18. h3 hxg3 19. fxg3 Bxh3 20. Nxh3 Rxh3+ 21. Kg1 Rh6 22. Qc4 Qg4 23. Rf3 f5 24. Rxf5 Qxg3 25. Rxg5 Qh2+ 26. Kf2 Rf6+ 27. Ke2 Qh8 28. Bf3 a6 29. Na3 b5 30. Qb3 Bd6 31. axb5 axb5 32. Rag1 Kd7 33. Nxb5 Raf8 34. Rh5 Qxh5 35. Bxh5 Rf2+ 36. Kd1 Rh2 37. Bg4+ Kd8 38. Qe6 1-0

[Event "48th Indian U15-ch Open 2023"]
[Site "Jalgaon"]
[Date "2023.12.31"]
[Round "7.8"]
[White "Sureka Akshat"]
[Black "Bivor Adak"]
[Result "1/2-1/2"]
[ECO "A30"]
[WhiteElo "1808"]
[BlackElo "1791"]
[Annotator "NA RC"]
[PlyCount "118"]
[EventDate "2023.12.30"]
[EventType "swiss"]
[EventCountry "IND"]
[SourceTitle "playchess.com"]
[Source "ChessBase"]
[SourceQuality "1"]
[TimeControl "5400+30"]

1. b3 Nf6 2. Bb2 c5 3. Nf3 Nc6 4. c4 g6 5. Bxf6 exf6 6. Nc3 Bg7 7. g3 f5 8. Bg2 O-O 9. Rc1 d6 10. O-O Be6 11. e3 Qf6 12. d4 cxd4 13. exd4 Nxd4 14. Nxd4 Qxd4 15. Qxd4 Bxd4 16. Rfd1 Bxc3 17. Rxc3 Rab8 18. Rxd6 b6 19. Rcd3 Rfc8 20. Bd5 Bxd5 21. R6xd5 Rc7 22. Rd7 Rbb7 23. Rxc7 Rxc7 24. f4 Kf8 25. Kf2 b5 26. Rd4 bxc4 27. Rxc4 Rd7 28. Ke2 Rd6 29. Rc3 h6 30. Rd3 Ra6 31. a4 g5 32. Kd2 gxf4 33. gxf4 Ke7 34. Re3+ Kf6 35. Re5 Rd6+ 36. Kc3 Kg6 37. Ra5 a6 38. b4 f6 39. b5 axb5 40. axb5 Rd1 41. Ra2 Rc1+ 42. Rc2 Rb1 43. Rb2 Rc1+ 44. Kd3 Rd1+ 45. Kc4 Kh5 46. b6 Rd8 47. b7 Rb8 48. Kd5 Kg4 49. Ke6 Kxf4 50. Rb4+ Kg5 51. h4+ Kg6 52. Kd5 f4 53. Ke4 Kh5 54. Kxf4 Kxh4 55. Kf5+ Kg3 56. Kg6 h5 57. Rb3+ Kg4 58. Rb4+ Kg3 59. Kxh5 f5 1/2-1/2

[Event "48th Indian U15-ch Open 2023"]
[Site "Jalgaon"]
[Date "2023.12.31"]
[Round "7.9"]
[White "Ankit Ray"]
[Black "Vatsal Singla"]
[Result "1/2-1/2"]
[ECO "A07"]
[WhiteElo "1898"]
[BlackElo "1714"]
[Annotator "NA RC"]
[PlyCount "74"]
[EventDate "2023.12.30"]
[EventType "swiss"]
[EventCountry "IND"]
[SourceTitle "playchess.com"]
[Source "ChessBase"]
[SourceQuality "1"]
[TimeControl "5400+30"]

1. Nf3 d5 2. g3 Bg4 3. Bg2 Nd7 4. d4 e6 5. h3 Bh5 6. O-O Ngf6 7. c4 c6 8. Qb3 Qb6 9. c5 Qxb3 10. axb3 Be7 11. b4 O-O 12. Nc3 a6 13. g4 Bg6 14. Bf4 h5 15. g5 Nh7 16. h4 Bf5 17. Rfe1 f6 18. e4 fxg5 19. Bxg5 Nxg5 20. Nxg5 Bxg5 21. hxg5 Bg4 22. b5 Kh7 23. bxc6 bxc6 24. Ra3 Kg6 25. Rea1 Kxg5 26. Rxa6 Rab8 27. Ra7 Rf7 28. R1a2 Kf4 29. Rc7 Ne5 30. Rxf7+ Nxf7 31. exd5 exd5 32. b4 Rxb4 33. Bxd5 Ng5 34. Bxc6 Rxd4 35. Nd5+ Ke5 36. Ne3 Be6 37. Re2 Kf4 1/2-1/2

[Event "48th Indian U15-ch Open 2023"]
[Site "Jalgaon"]
[Date "2023.12.31"]
[Round "7.10"]
[White "Ghadge Harsh"]
[Black "Abhash Roimya Saikia"]
[Result "1-0"]
[ECO "D10"]
[WhiteElo "1663"]
[BlackElo "1855"]
[Annotator "NA RC"]
[PlyCount "97"]
[EventDate "2023.12.30"]
[EventType "swiss"]
[EventCountry "IND"]
[SourceTitle "playchess.com"]
[Source "ChessBase"]
[SourceQuality "1"]
[TimeControl "5400+30"]

1. d4 d5 2. c4 c6 3. cxd5 cxd5 4. Bg5 Nf6 5. Bxf6 gxf6 6. Nc3 Nc6 7. e3 Bf5 8. Qb3 Qd7 9. Qxd5 Qxd5 10. Nxd5 O-O-O 11. Nc3 Nb4 12. Rc1 Nd3+ 13. Bxd3 Bxd3 14. Nf3 Kb8 15. Rd1 Ba6 16. a3 Rg8 17. Rg1 f5 18. b4 Rc8 19. Kd2 b6 20. Ne5 Bg7 21. Nxf7 Bc4 22. Ne5 Bxe5 23. dxe5 Bb3 24. Rc1 Rgd8+ 25. Ke2 Rc7 26. Kf3 e6 27. h3 Rdc8 28. Ne2 Bd5+ 29. Kg3 f4+ 30. exf4 Rc2 31. Rxc2 Rxc2 32. Nd4 Rd2 33. Nf3 Rd3 34. Ra1 h5 35. a4 a6 36. f5 exf5 37. Kf4 Bxf3 38. gxf3 Kc7 39. a5 b5 40. Rg1 Rb3 41. Rg7+ Kc6 42. Rg6+ Kd7 43. Rxa6 Rxb4+ 44. Kxf5 Rb2 45. e6+ Ke7 46. Ra7+ Kd6 47. Rd7+ Kc6 48. Rd3 Rxf2 49. Re3 1-0

[Event "48th Indian U15-ch Open 2023"]
[Site "Jalgaon"]
[Date "2024.01.01"]
[Round "8.1"]
[White "Vignesh Advaith Vemula"]
[Black "Md Imran"]
[Result "1/2-1/2"]
[ECO "B32"]
[WhiteElo "2028"]
[BlackElo "2174"]
[Annotator "RC"]
[PlyCount "104"]
[EventDate "2023.12.30"]
[EventType "swiss"]
[EventCountry "IND"]
[SourceTitle "playchess.com"]
[Source "ChessBase"]
[SourceQuality "1"]
[TimeControl "5400+30"]

1. e4 c5 2. Nf3 Nc6 3. d4 cxd4 4. Nxd4 e5 5. Nb5 d6 6. c4 Be6 7. N1c3 a6 8. Na3 Nf6 9. Be2 Be7 10. Nc2 O-O 11. O-O Rc8 12. b3 b5 13. cxb5 Na7 14. Bb2 Nxb5 15. Nxb5 axb5 16. Bd3 Qb6 17. Ne3 Qb7 18. Qf3 Bd8 19. Nf5 Bxf5 20. Qxf5 Ba5 21. Rad1 Bc3 22. Bc1 Nd7 23. Qg4 Kh8 24. Qe2 Rb8 25. Bb1 Qc6 26. Rd3 Bd4 27. Rh3 Nf6 28. Bg5 Ng8 29. Kh1 Qe8 30. Bd2 Nf6 31. g4 Qe6 32. Rh4 g6 33. Qf3 Rb7 34. Qg3 Ng8 35. Qd3 Qe7 36. Rh3 Qe6 37. Rh4 Qe7 38. Qh3 f6 39. Qg3 Qe6 40. Rh3 Ne7 41. f4 exf4 42. Bxf4 Be5 43. g5 Nc6 44. Qg2 Rbf7 45. Rhf3 Nd4 46. R3f2 fxg5 47. Bxg5 Rxf2 48. Rxf2 Rxf2 49. Qxf2 Kg7 50. Bd3 Qc8 51. Bd2 Ne6 52. Bxb5 Qa8 1/2-1/2

[Event "48th Indian U15-ch Open 2023"]
[Site "Jalgaon"]
[Date "2024.01.01"]
[Round "8.2"]
[White "Mayank Chakraborty"]
[Black "Daksh Goyal"]
[Result "0-1"]
[ECO "B12"]
[WhiteElo "2403"]
[BlackElo "1814"]
[Annotator "RC"]
[PlyCount "134"]
[EventDate "2023.12.30"]
[EventType "swiss"]
[EventCountry "IND"]
[SourceTitle "playchess.com"]
[Source "ChessBase"]
[SourceQuality "1"]
[TimeControl "5400+30"]

1. e4 c6 2. d4 d5 3. e5 Bf5 4. h4 h5 5. Bd3 Bxd3 6. Qxd3 e6 7. Bg5 Qc7 8. Nf3 Ne7 9. Nc3 Nf5 10. O-O Be7 11. g3 Nd7 12. Ne2 Bxg5 13. Nxg5 Nf8 14. Nf4 Qe7 15. Rab1 O-O-O 16. b4 Nh7 17. Nfh3 Nxg5 18. Nxg5 b5 19. a4 a6 20. Ra1 Kb7 21. Qc3 Ra8 22. Nf3 Kc7 23. Ra3 Rhc8 24. Rfa1 Kd8 25. Qd2 Rab8 26. Ne1 Ke8 27. c3 a5 28. axb5 axb4 29. Ra7 Qd8 30. bxc6 b3 31. Nd3 Rxc6 32. Nc5 Rc7 33. Qb2 Rxa7 34. Rxa7 g6 35. Nd7 Qxd7 36. Rxd7 Kxd7 37. Kf1 Ne7 38. Ke2 Nc6 39. Qa3 Rb6 40. Qd6+ Kc8 41. Qf8+ Kb7 42. Qxf7+ Ka6 43. Qxg6 b2 44. Qb1 Na5 45. g4 Nc4 46. g5 Na3 47. Qa2 b1=Q 48. Qxa3+ Kb5 49. c4+ dxc4 50. Qc5+ Ka6 51. Qa3+ Kb5 52. Qc5+ Ka4 53. Qxc4+ Qb4 54. Kd3 Qxc4+ 55. Kxc4 Rc6+ 56. Kd3 Kb5 57. d5 Rc5 58. dxe6 Rxe5 59. Kd4 Rxe6 60. Kd5 Re2 61. f4 Rf2 62. Ke5 Kc6 63. f5 Kd7 64. Kf6 Rf4 65. g6 Rxh4 66. g7 Rg4 67. Kf7 Kd6 0-1

[Event "48th Indian U15-ch Open 2023"]
[Site "Jalgaon"]
[Date "2024.01.01"]
[Round "8.3"]
[White "Bhoir Paras Dilip"]
[Black "Samyak Dharewa"]
[Result "1-0"]
[ECO "B43"]
[WhiteElo "1808"]
[BlackElo "1939"]
[Annotator "RC"]
[PlyCount "49"]
[EventDate "2023.12.30"]
[EventType "swiss"]
[EventCountry "IND"]
[SourceTitle "playchess.com"]
[Source "ChessBase"]
[SourceQuality "1"]
[TimeControl "5400+30"]

1. e4 c5 2. Nf3 e6 3. d4 cxd4 4. Nxd4 a6 5. Nc3 Qc7 6. Bd3 Nc6 7. Nxc6 dxc6 8. O-O e5 9. f4 Nf6 10. Kh1 Bc5 11. Qf3 O-O 12. f5 Kh8 13. g4 g6 14. Bc4 gxf5 15. exf5 Bd4 16. Bh6 Re8 17. g5 e4 18. Qd1 Bxc3 19. bxc3 Nd5 20. Qh5 b5 21. Bxd5 cxd5 22. g6 fxg6 23. fxg6 hxg6 24. Qxg6 Be6 25. Bg5 1-0

[Event "48th Indian U15-ch Open 2023"]
[Site "Jalgaon"]
[Date "2024.01.01"]
[Round "8.4"]
[White "Madhvendra Pratap Sharma"]
[Black "Nirnay Garg"]
[Result "1-0"]
[ECO "B40"]
[WhiteElo "1803"]
[BlackElo "1894"]
[Annotator "NA RC"]
[PlyCount "70"]
[EventDate "2023.12.30"]
[EventType "swiss"]
[EventCountry "IND"]
[SourceTitle "playchess.com"]
[Source "ChessBase"]
[SourceQuality "1"]
[TimeControl "5400+30"]

1. e4 c5 2. Nf3 e6 3. b3 b6 4. Bb2 Bb7 5. Nc3 a6 6. d4 cxd4 7. Qxd4 Nc6 8. Qd2 Qc7 9. Bd3 Nf6 10. O-O-O Be7 11. Qe2 d6 12. Rhg1 Nd7 13. Kb1 Bf6 14. Na4 $17 (14. Qe3 $11 {remains equal.}) 14... Bxb2 15. Nxb2 b5 16. Qd2 Nde5 17. Be2 O-O-O 18. a4 Qb6 19. Nd4 bxa4 20. Nxa4 Qa7 21. f4 Nxd4 22. Qxd4 Qxd4 23. Rxd4 Nc6 24. Rd2 Kc7 25. Rgd1 e5 26. Nc3 Ne7 27. Bc4 f5 28. Be6 fxe4 29. fxe5 d5 30. Nxe4 dxe4 31. Rd7+ Rxd7 32. Rxd7+ Kb6 33. Rxe7 Rf8 34. Bc4 e3 35. Kc1 Rf2 1-0

[Event "48th Indian U15-ch Open 2023"]
[Site "Jalgaon"]
[Date "2024.01.01"]
[Round "8.5"]
[White "Sherla Prathamesh"]
[Black "Jihan Tejas Shah"]
[Result "0-1"]
[ECO "E63"]
[WhiteElo "1726"]
[BlackElo "1891"]
[Annotator "NA RC COMBH"]
[PlyCount "130"]
[EventDate "2023.12.30"]
[EventType "swiss"]
[EventCountry "IND"]
[SourceTitle "playchess.com"]
[Source "ChessBase"]
[SourceQuality "1"]
[TimeControl "5400+30"]

1. c4 Nf6 2. g3 g6 3. Bg2 Bg7 4. Nc3 O-O 5. d4 d6 6. h3 Nc6 7. Nf3 a6 8. O-O Bd7 9. e4 e5 10. d5 Nd4 11. Be3 Nxf3+ 12. Qxf3 Qc8 13. Bg5 Nh5 14. Kh2 f5 15. Qe2 f4 16. g4 f3 17. Bxf3 Nf4 18. Bxf4 Rxf4 19. Bg2 Qd8 20. f3 Qg5 21. Qd3 Raf8 22. Ne2 R4f7 23. b4 h5 24. Kg1 Bh6 25. Rad1 b5 26. c5 dxc5 27. bxc5 Qe3+ 28. Kh1 hxg4 29. Qxe3 Bxe3 30. fxg4 Bxc5 $17 31. Rxf7 Rxf7 32. Rf1 b4 33. Rxf7 Kxf7 34. Nc1 Bb5 35. Bf3 Be3 36. Nb3 Bd3 37. Na5 Bc5 38. Nb3 Bb6 39. Kg2 Bb1 40. Nc1 a5 41. Kf1 Be3 42. Nb3 a4 43. Na5 Bxa2 44. Nc6 Bc4+ 45. Be2 Bxe2+ 46. Kxe2 Bc5 47. Nxe5+ Kg7 48. Nd3 b3 49. Kd1 Bd4 50. Nf4 Be5 51. Ne6+ Kf6 52. Nc5 a3 53. Nxb3 a2 54. h4 a1=Q+ 55. Nxa1 Bxa1 56. Ke2 g5 57. h5 Ke5 58. Ke3 Bb2 59. h6 Kf6 60. Kd3 Kg6 61. Kc4 Kxh6 62. Kc5 Be5 63. Kc6 Kg6 64. Kd7 Kf6 65. Ke8 Bd6 0-1

[Event "48th Indian U15-ch Open 2023"]
[Site "Jalgaon"]
[Date "2024.01.01"]
[Round "8.6"]
[White "Anirudh, R."]
[Black "Sureka Akshat"]
[Result "1-0"]
[ECO "B08"]
[WhiteElo "1621"]
[BlackElo "1808"]
[Annotator "NA RC COMBH"]
[PlyCount "69"]
[EventDate "2023.12.30"]
[EventType "swiss"]
[EventCountry "IND"]
[SourceTitle "playchess.com"]
[Source "ChessBase"]
[SourceQuality "1"]
[TimeControl "5400+30"]

1. d4 Nf6 2. Nf3 g6 3. Nc3 Bg7 4. e4 d6 5. Bf4 O-O 6. Qd2 c6 7. O-O-O b5 8. Bd3 b4 9. Nb1 a5 10. Bh6 Nbd7 11. e5 dxe5 12. Bxg7 Kxg7 13. dxe5 Nd5 14. h4 Nc5 15. h5 Nxd3+ 16. cxd3 Rh8 17. Rh4 h6 18. hxg6 fxg6 19. Rdh1 h5 20. Qg5 e6 21. Qg3 Qf8 22. Nbd2 Ba6 23. Nd4 Re8 24. Ne4 c5 25. Ne2 c4 26. Nf4 Nxf4 27. Rxf4 Qe7 28. Rf6 Rh6 29. Rxh5 Reh8 30. Qg5 Qc7 31. d4 c3 32. Rxe6 cxb2+ 33. Kxb2 Qf7 34. Re7 Rxh5 35. Qf6+ 1-0

[Event "48th Indian U15-ch Open 2023"]
[Site "Jalgaon"]
[Date "2024.01.01"]
[Round "8.7"]
[White "Jain, Kushagra"]
[Black "Ghadge Harsh"]
[Result "1-0"]
[ECO "B11"]
[WhiteElo "1804"]
[BlackElo "1663"]
[Annotator "NA RC COMBH"]
[PlyCount "89"]
[EventDate "2023.12.30"]
[EventType "swiss"]
[EventCountry "IND"]
[SourceTitle "playchess.com"]
[Source "ChessBase"]
[SourceQuality "1"]
[TimeControl "5400+30"]

1. e4 c6 2. Nf3 d5 3. Nc3 Bg4 4. Be2 e6 5. O-O Nf6 6. e5 Nfd7 7. d4 Be7 8. Ne1 Bxe2 9. Nxe2 c5 10. c3 Nc6 11. Be3 Qb6 12. Qd2 cxd4 13. cxd4 Bb4 14. Qd3 Rc8 15. Nf3 Be7 16. Qd2 Qa6 17. Nf4 Nb6 18. b3 Nb4 19. a3 Nc6 20. Nh5 g6 21. Nf6+ Bxf6 22. exf6 Nd7 23. Bh6 Nxf6 24. Bg7 Ne4 25. Qh6 Rg8 26. Qxh7 Ke7 27. Rac1 Qe2 28. h3 g5 29. Rce1 Qd3 30. Re3 Qb5 31. Qh6 f6 32. Rxe4 dxe4 33. Qxf6+ Kd6 34. Ne5 Nd8 35. Bf8+ Kc7 36. Rc1+ Kb6 37. Rxc8 Nc6 38. Bc5+ Ka6 39. Rxg8 Qxb3 40. Nxc6 bxc6 41. Qe7 Qd1+ 42. Kh2 Kb5 43. Qxe6 e3 44. Rb8+ Ka5 45. Qxe3 1-0

[Event "48th Indian U15-ch Open 2023"]
[Site "Jalgaon"]
[Date "2024.01.01"]
[Round "8.8"]
[White "Bivor Adak"]
[Black "Swastik, Singhal"]
[Result "1-0"]
[ECO "B12"]
[WhiteElo "1791"]
[BlackElo "1611"]
[Annotator "NA RC COMBH"]
[PlyCount "99"]
[EventDate "2023.12.30"]
[EventType "swiss"]
[EventCountry "IND"]
[SourceTitle "playchess.com"]
[Source "ChessBase"]
[SourceQuality "1"]
[TimeControl "5400+30"]

1. e4 c6 2. d4 d5 3. e5 Bf5 4. Nd2 e6 5. Nb3 c5 6. dxc5 Bxc5 7. Nxc5 Qa5+ 8. c3 Qxc5 9. Be3 Qc7 10. f4 Ne7 11. Nf3 O-O 12. Be2 Nd7 13. Nd4 a6 14. O-O Be4 15. Rc1 Nb6 16. b3 Rfd8 17. g4 Nd7 18. a4 Rac8 19. Qe1 Nc6 20. Qf2 Nxd4 21. cxd4 Qb6 22. f5 exf5 23. gxf5 Qxb3 24. e6 Nf6 25. Bg5 Qh3 26. a5 fxe6 27. Rxc8 Rxc8 28. fxe6 Qxe6 29. Qg3 Kh8 30. Qh4 Rc2 31. Rf2 Bg6 32. Bxf6 gxf6 33. Rxf6 Qe7 34. Bf1 Qg7 35. Qg5 Be4 36. Qxg7+ Kxg7 37. Rb6 Rc7 38. Bh3 Rc1+ 39. Kf2 Rc2+ 40. Kg3 Rc7 41. Kf4 Re7 42. Bc8 Rf7+ 43. Ke5 Rf2 44. Rxb7+ Kh8 45. Rb8 Rxh2 46. Bxa6+ Kg7 47. Bf1 Ra2 48. a6 Bg2 49. Bxg2 Rxg2 50. a7 1-0

[Event "48th Indian U15-ch Open 2023"]
[Site "Jalgaon"]
[Date "2024.01.01"]
[Round "8.8"]
[White "Bivor Adak"]
[Black "Swastik Singhal"]
[Result "*"]
[ECO "B12"]
[WhiteElo "1791"]
[BlackElo "1611"]
[Annotator "NA RC COMBH"]
[PlyCount "21"]
[EventDate "2023.12.30"]
[EventType "swiss"]
[EventCountry "IND"]
[SourceTitle "playchess.com"]
[Source "ChessBase"]
[SourceQuality "1"]
[TimeControl "5400+30"]

1. e4 c6 2. d4 d5 3. e5 Bf5 4. Nd2 e6 5. Nb3 c5 6. dxc5 Bxc5 7. Nxc5 Qa5+ 8. c3 Qxc5 9. Be3 Qc7 10. f4 Ne7 11. Nf3 *

[Event "48th Indian U15-ch Open 2023"]
[Site "Jalgaon"]
[Date "2024.01.01"]
[Round "8.9"]
[White "Vatsal Singla"]
[Black "Pavan Karthikeya Varma Gunturi"]
[Result "1-0"]
[ECO "C95"]
[WhiteElo "1714"]
[BlackElo "1538"]
[Annotator "NA RC COMBH"]
[PlyCount "78"]
[EventDate "2023.12.30"]
[EventType "swiss"]
[EventCountry "IND"]
[SourceTitle "playchess.com"]
[Source "ChessBase"]
[SourceQuality "1"]
[TimeControl "5400+30"]

1. e4 e5 2. Nf3 Nc6 3. Bb5 a6 4. Ba4 Nf6 5. O-O Be7 6. Re1 b5 7. Bb3 d6 8. c3 O-O 9. h3 Nb8 10. d4 Nbd7 11. Nbd2 Bb7 12. Bc2 Re8 13. Nf1 Bf8 14. Ng3 g6 15. a4 Bg7 16. Bd3 d5 17. exd5 exd4 18. cxd4 bxa4 19. Rxe8+ Qxe8 20. Qxa4 Nxd5 21. Ne4 Qe6 22. Bd2 N5b6 23. Qc2 Qc6 24. Qxc6 Bxc6 25. Rc1 Bxe4 26. Bxe4 Ra7 27. Ba5 Bf8 28. Rc6 Rb7 29. Rxg6+ hxg6 30. Bxb7 Nc4 31. Bxc7 Nxb2 32. Bxa6 Na4 33. Bb5 Nab6 34. Bd8 Bg7 35. Ne5 Bf6 36. Bc7 Nxe5 37. Bxb6 Nf3+ 38. gxf3 Kf8 39. Bc5+ Be7 1-0

[Event "48th Indian U15-ch Open 2023"]
[Site "Jalgaon"]
[Date "2024.01.01"]
[Round "8.10"]
[White "Mokshith, Pasupulety"]
[Black "Agnivo, Chakraborty"]
[Result "1/2-1/2"]
[ECO "C58"]
[WhiteElo "1478"]
[BlackElo "1690"]
[Annotator "NA RC COMBH"]
[PlyCount "96"]
[EventDate "2023.12.30"]
[EventType "swiss"]
[EventCountry "IND"]
[SourceTitle "playchess.com"]
[Source "ChessBase"]
[SourceQuality "1"]
[TimeControl "5400+30"]

1. e4 e5 2. Nf3 Nc6 3. Bc4 Nf6 4. Ng5 d5 5. exd5 Na5 6. Bb5+ c6 7. dxc6 bxc6 8. Bd3 Bd6 9. Nc3 Nd5 10. h4 Nf4 11. Bf1 h6 12. Nge4 Be7 13. d3 Ne6 14. g3 O-O 15. Nd2 Nd4 16. Ne2 Bg4 17. c3 Nf3+ 18. Nxf3 Bxf3 19. Rh2 Qd5 20. Qc2 Rfd8 21. Be3 Nb7 22. Ng1 Bh5 23. Bg2 Qd6 24. b4 Bf6 25. Ne2 a5 26. b5 Nc5 27. Nc1 cxb5 28. Bxc5 Qxc5 29. Nb3 Qc8 30. Bxa8 Qxa8 31. Nd2 Be7 32. Rb1 Qc6 33. f3 b4 34. Rc1 bxc3 35. Qxc3 Qb6 36. Ke2 Bb4 37. Qc7 Qd4 38. Qc4 Qd7 39. Ne4 Kh8 40. Nf2 f5 41. Qc7 Qd5 42. g4 fxg4 43. fxg4 Bg6 44. Qc4 Qd7 45. Rc2 h5 46. Qa6 Kh7 47. Rc6 Qf7 48. Qc4 Qf4 1/2-1/2

[Event "48th Indian U15-ch Open 2023"]
[Site "Jalgaon"]
[Date "2024.02.02"]
[Round "9.1"]
[White "Jihan Tejas Shah"]
[Black "Bhoir Paras Dilip"]
[Result "1/2-1/2"]
[ECO "D31"]
[WhiteElo "1891"]
[BlackElo "1808"]
[Annotator "NA RC"]
[PlyCount "70"]
[EventDate "2023.12.30"]
[EventType "swiss"]
[EventCountry "IND"]
[SourceTitle "playchess.com"]
[Source "ChessBase"]
[SourceQuality "1"]
[TimeControl "5400+30"]

1. d4 d5 2. c4 e6 3. Nc3 c6 4. e4 dxe4 5. Nxe4 Bb4+ 6. Bd2 Qxd4 7. Bxb4 Qxe4+ 8. Be2 Na6 9. Ba5 b6 10. Qd6 Bd7 11. Bc3 f6 12. Nf3 Ne7 13. Nd2 Qxg2 14. Bh5+ Ng6 15. Bf3 Qg5 16. Bxc6 O-O-O 17. Bf3 Nc5 18. Ne4 Nxe4 19. Bxe4 Ba4 20. Qg3 Qh4 21. Qxh4 Nxh4 22. Rg1 Ng6 23. b3 Be8 24. Ke2 e5 25. Ke3 Bd7 26. Rad1 Be6 27. Rxd8+ Rxd8 28. Bb2 f5 29. Bc2 Rd7 30. Rg5 $11 e4 31. Bc3 Kc7 32. Rg1 Re7 33. Bb4 Rd7 34. Bc3 Re7 35. Bb4 Rd7 1/2-1/2

[Event "48th Indian U15-ch Open 2023"]
[Site "Jalgaon"]
[Date "2024.02.02"]
[Round "9.2"]
[White "Daksh Goyal"]
[Black "Madhvendra Pratap Sharma"]
[Result "1-0"]
[ECO "C18"]
[WhiteElo "1814"]
[BlackElo "1803"]
[Annotator "NA RC"]
[PlyCount "125"]
[EventDate "2023.12.30"]
[EventType "swiss"]
[EventCountry "IND"]
[SourceTitle "playchess.com"]
[Source "ChessBase"]
[SourceQuality "1"]
[TimeControl "5400+30"]

1. e4 e6 2. d4 d5 3. Nc3 Bb4 4. e5 c5 5. a3 Bxc3+ 6. bxc3 Nc6 7. Ne2 Qa5 8. Bd2 Qa4 9. Be3 Nge7 10. Ng3 Qa5 11. Qd2 cxd4 12. cxd4 Qxd2+ 13. Kxd2 h5 14. h4 Na5 15. Bd3 b6 16. Ke2 Bb7 (16... f6 $11) 17. Bd2 $14 Nec6 18. Ke3 O-O-O 19. Bc3 Kb8 20. f3 Nc4+ 21. Kf2 Ba6 22. Ne2 Kb7 23. a4 f6 24. Nf4 fxe5 25. Nxe6 Rd7 26. Rab1 Ka8 27. dxe5 Re8 28. Nf4 N6xe5 29. Bxe5 Rxe5 30. Rbe1 Bc8 31. Bxc4 Rxe1 32. Rxe1 dxc4 33. Re8 Kb7 34. Nxh5 c3 35. Re3 Rd2+ 36. Re2 g6 37. Ng3 Rd4 38. Ne4 Rxa4 39. g4 Ra3 40. Nd6+ Kc6 41. Nxc8 b5 42. Ne7+ Kc5 43. Nxg6 b4 44. h5 Ra6 45. Nf4 Rd6 46. g5 a5 47. h6 a4 48. h7 Rd2 49. h8=Q a3 50. Rxd2 cxd2 51. Ke2 d1=Q+ 52. Kxd1 a2 53. Nd3+ Kc4 54. Qg8+ Kd4 55. Qxa2 b3 56. cxb3 Kd5 57. Qa4 Ke6 58. Qb5 Kf7 59. Qc6 Kg7 60. Qf6+ Kh7 61. Ne5 Kg8 62. Qf7+ Kh8 63. Ng6# 1-0

[Event "48th Indian U15-ch Open 2023"]
[Site "Jalgaon"]
[Date "2024.02.02"]
[Round "9.3"]
[White "Md Imran"]
[Black "Jain, Kushagra"]
[Result "1/2-1/2"]
[ECO "A45"]
[WhiteElo "2174"]
[BlackElo "1804"]
[Annotator "RC"]
[PlyCount "91"]
[EventDate "2023.12.30"]
[EventType "swiss"]
[EventCountry "IND"]
[SourceTitle "playchess.com"]
[Source "ChessBase"]
[SourceQuality "1"]
[TimeControl "5400+30"]

1. d4 Nf6 2. Bg5 Ne4 3. Bf4 c5 4. f3 Nf6 5. dxc5 Qa5+ 6. Nc3 Qxc5 7. Qd2 d6 8. O-O-O g6 9. e4 Bd7 10. Be3 Qa5 11. Nge2 Bg7 12. Nd4 Nc6 13. Nb3 Qd8 14. Bh6 Bxh6 15. Qxh6 Qc7 16. Qg7 Rf8 17. Nb5 Qd8 18. Be2 Rg8 19. Qh6 g5 20. g4 Rg6 21. Qh3 Qb6 22. Qf1 O-O-O 23. N5d4 Ne5 24. Kb1 h5 25. f4 Nexg4 26. Bxg4 Bxg4 27. Qc4+ Qc7 28. Qxf7 Rgg8 29. Ne6 Bxe6 30. Qxe6+ Kb8 31. Rhf1 gxf4 32. Rxf4 Rg2 33. Nd4 Rxh2 34. a3 Rc8 35. Qb3 d5 36. Qg3 Rh3 37. Qxh3 Qxf4 38. exd5 Nxd5 39. Qxh5 Ne3 40. Ne6 Qc4 41. Qe5+ Ka8 42. Nc7+ Rxc7 43. Rd8+ Rc8 44. Rxc8+ Qxc8 45. Qxe3 Qf5 46. Qd4 1/2-1/2